 Dungeon Crawl Stone Soup version 0.30-a0-715-gdb4ae3ece1 (webtiles) character file.

Game seed: 11540273377304111883

8190 Rennog the Fighter (level 11, -5/83 HPs)
             Began as an Octopode Fighter on Jan 24, 2023.
             Was a Believer of Makhleb.
             Slain by a yak (12 damage)
             ... on level 1 of the Lair of Beasts.
             The game lasted 00:33:51 (15655 turns).

Rennog the Fighter (Octopode Fighter)              Turns: 15655, Time: 00:33:52

Health: -5/83      AC:  1    Str: 17    XL:     11   Next: 27%
Magic:  11/11      EV: 15    Int: 11    God:    Makhleb [**....]
Gold:   480        SH:  5    Dex: 14    Spells: 10/10 levels left

rFire   . . .      SeeInvis .    a - +0 long sword
rCold   . . .      Faith    .    b - +0 buckler
rNeg    . . .      Spirit   .    (helmet restricted)
rPois   .          Reflect  .    (no amulet)
rElec   .          Harm     .    m - ring of willpower
rCorr   .          Rampage  .    E - ring of wizardry
Will    +....                    (no ring)
Stlth   +++++                    (no ring)
HPRegen 0.33/turn                (no ring)
MPRegen 0.12/turn                (no ring)
                                 (no ring)
                                 (no ring)

@: no status effects
A: almost no armour, amphibious, 8 rings, camouflage 1, gelatinous body 1,
(nimble swimmer 1), tentacles
a: Renounce Religion, Minor Destruction


You were on level 1 of the Lair of Beasts.
You worshipped Makhleb.
Makhleb was pleased with you.
You visited 3 branches of the dungeon, and saw 13 of its levels.
You also visited: Ossuary.

You collected 480 gold pieces.

Inventory:

Hand Weapons
 a - a +0 long sword (weapon)
 C - a +0 great sword
Missiles
 A - a throwing net (quivered)
Armour
 b - a +0 buckler (worn)
 d - a +0 tower shield
Jewellery
 m - a ring of willpower (left tentacle)
 E - a ring of wizardry (right tentacle)
 F - a ring of ice
Wands
 G - a wand of flame (10)
Scrolls
 e - 6 scrolls of teleportation
 f - 2 scrolls of fog {unknown}
 h - 4 scrolls of noise
 i - 5 scrolls of enchant armour
 o - 2 scrolls of poison
 p - 2 scrolls of blinking
 s - 2 scrolls of silence
 u - 3 scrolls of immolation
 y - a scroll of enchant weapon
 D - 3 scrolls of fear
 I - 3 scrolls of identify
 J - 2 scrolls of brand weapon {unknown}
 K - a scroll of torment {unknown}
Potions
 c - a potion of might
 g - 9 potions of curing
 j - 3 potions of lignification
 k - 6 potions of brilliance
 l - 2 potions of attraction
 n - a potion of ambrosia {unknown}
 q - 4 potions of haste
 r - 2 potions of magic {unknown}
 t - a potion of cancellation {unknown}
 v - 7 potions of invisibility
 w - a potion of degeneration {unknown}
 x - 3 potions of heal wounds
 z - a potion of mutation {unknown}
 B - 5 potions of resistance {unknown}
 H - a potion of flight {unknown}


   Skills:
 * Level 11.3 Fighting
 * Level 11.1 Long Blades
 - Level 6.0 Dodging
 - Level 8.0 Stealth
 - Level 3.0 Shields


You had 10 spell levels left.
You didn't know any spells.
Your spell library contained the following spells:

 Spells                   Type           Power      Damage    Failure   Level
 Apportation              Tloc           0%         N/A       19%         1
 Necrotise                Necr           0%         1d4       19%         1
 Summon Small Mammal      Summ           0%         N/A       19%         1
 Ensorcelled Hibernation  Hex/Ice        0%         N/A       26%         2
 Passwall                 Tmut/Erth      0%         N/A       26%         2
 Ignite Poison            Fire/Tmut/Pois 0%         N/A       45%         3
 Kindle Blastsparks       Fire/Tloc/Air  0%         2d10      45%         3
 Summon Guardian Golem    Hex/Summ       0%         N/A       45%         3
 Swiftness                Air            0%         N/A       45%         3
 Freezing Cloud           Conj/Ice/Air   0%         6-21      99%         5
 Orb of Destruction       Conj           0%         9d5       100%        7
 Spellforged Servitor     Conj/Summ      0%         N/A       100%        7
 Chain Lightning          Conj/Air       0%         N/A       100%        9
 Fire Storm               Conj/Fire      0%         5d1       100%        9
 Shatter                  Erth           0%         3d5*      100%        9


Dungeon Overview and Level Annotations

Branches:
Dungeon (11/15)            Temple (1/1) D:5            Lair (1/5) D:8
    Orc (0/2) D:10        Ossuary (visited)

Altars:
Ashenzari
Cheibriados
Dithmenos
Elyvilon
Gozag
Hepliaklqana
Kikubaaqudgha
Makhleb
Nemelex Xobeh
Qazlal
Ru
Sif Muna
Trog
Uskayaw
Vehumet
Wu Jian
Xom
Yredelemnul
Zin
The Shining One

Shops:
D:1 ?   D:2 [   D:7 **

Annotations:
D:1 2 transporters
D:4 2 transporters
D:7 Joseph
D:8 Amaemon
D:10 Erica, Harold


Innate Abilities, Weirdness & Mutations

You cannot wear most types of armour.
You are amphibious.
You can wear up to eight rings at the same time.
Your skin changes colour to match your surroundings (Stealth+).
Your rubbery body absorbs attacks. (AC +1, EV +1)
((You are camouflaged when in or above water. (Stealth+)))
You have tentacles for arms and can constrict up to eight enemies at once.


Message History

The yak gores you!
You slash the yak! You tentacle-slap the yak.
The yak is almost dead.
The yak closely misses you.
You hit the yak but do no damage.
The yak is almost dead.
The yak gores you but does no damage.
You hit the yak.
You kill the yak!
Makhleb accepts your kill.
You feel better.
You hit the yak.
The yak is lightly wounded.
You block the yak's attack.
You hit the yak.
The yak is moderately wounded.
The yak gores you.
You hit the yak but do no damage.
The yak is lightly wounded.
The yak gores you!
You completely miss the yak.
The yak is lightly wounded.
You hit the yak. You squeeze the yak!
The yak is heavily wounded.
The yak misses you.
You slash the yak!
The yak is severely wounded.
The yak gores you!
You are too injured to fight recklessly!
You are too injured to fight recklessly!
You hit the yak.
The yak is severely wounded.
The yak gores you!
* * * LOW HITPOINT WARNING * * *
The yak attacks as you move away! The yak misses you.
The yak attacks as you move away! The yak barely misses you.
The yak attacks as you move away! The yak gores you!
* * * LOW HITPOINT WARNING * * *
The yak attacks as you move away! The yak gores you!
You die...

..... ##...)...
......###[.......
.....Y.Y.........
.....###.........
..# #.Y......#
##Y.......
#Y.......#
##Y........
###@.........
#............
#.####...........
#................
#..####.###.......
###.#####.....
##.....## #....
##.......## ...
#.........#


You could see 4 yaks.

Vanquished Creatures
  A two-headed ogre (D:6)
  Maggie (D:6)
  A troll (D:9)
  A hornet (D:9)
  Grinder (D:5)
  Sigmund (D:2)
  2 wyverns
  2 shadows
  5 yaks
  A wraith (D:9)
  Edmund (D:5)
  4 water moccasins
  3 orc warriors
  A sky beast (D:7)
  2 ice beasts
  4 black bears
  6 centaurs
  3 phantoms
  3 kobold brigands
  Blork the orc (D:4)
  4 bullfrogs
  3 scorpions (D:6)
  2 necrophages
  5 wights (D:6)
  A troll zombie (D:10)
  6 killer bees
  An electric eel (D:6)
  3 howler monkeys
  4 jellies
  A lava snake (D:9)
  A gnoll bouda (D:5)
  2 iguanas
  7 orc priests
  3 hounds (D:5)
  An iron imp (D:8)
  8 orc wizards
  4 ogre zombies (D:10)
  A hound skeleton (D:5)
  12 mummies (Ossuary)
  Robin (D:3)
  16 gnolls
  10 adders
  3 white imps
  2 ufetubi
  A worm (D:4)
  5 dart slugs
  41 orcs
  A bat (D:2)
  6 endoplasms
  5 giant cockroaches
  15 goblins
  7 hobgoblins
  3 jackals (D:2)
  20 kobolds
  3 quokkas
  10 ball pythons
  2 frilled lizards
  4 gnoll skeletons (Ossuary)
  A goblin skeleton (Ossuary)
  A goblin zombie (D:10)
  A hobgoblin skeleton (D:10)
  2 hobgoblin zombies (D:10)
  4 orc skeletons
  10 orc zombies (D:10)
  4 rats
  11 rat skeletons (Ossuary)
302 creatures vanquished.

Vanquished Creatures (others)
  An orc wizard (D:8)
  An orc (D:4)
  6 fungi
  9 plants
17 creatures vanquished.

Grand Total: 319 creatures vanquished

Notes
Turn   | Place    | Note
-------+----------+-------------------------------------------
     0 | D:1      | Rennog the Octopode Fighter began the quest for the Orb.
     0 | D:1      | Reached XP level 1. HP: 16/16 MP: 1/1
   325 | D:1      | Reached XP level 2. HP: 21/21 MP: 2/2
   451 | D:1      | Found Odenexy's Magic Scroll Shop.
  1412 | D:2      | Reached XP level 3. HP: 24/26 MP: 3/3
  1434 | D:2      | Found Cisecall's Armour Emporium.
  1669 | D:2      | Reached XP level 4. HP: 26/31 MP: 4/4
  1710 | D:2      | Found a faded altar of an unknown god.
  1753 | D:2      | Reached skill level 5 in Dodging
  1993 | D:2      | Noticed Sigmund
  2423 | D:3      | Reached XP level 5. HP: 27/36 MP: 5/5
  2495 | D:3      | Noticed Robin
  2500 | D:3      | Killed Robin
  2990 | D:4      | Reached XP level 6. HP: 42/42 MP: 6/6
  3012 | D:4      | Found a transporter.
  3028 | D:4      | Noticed Blork the orc
  3035 | D:4      | Killed Blork the orc
  3138 | D:4      | Identified the +7 spear of Disgust {venom, *Noise rCorr
                  | Str+4 Dex+3}
  3189 | D:4      | Found a sand-covered staircase.
  3198 | Ossuary  | Entered an ossuary
  3368 | Ossuary  | Reached XP level 7. HP: 49/49 MP: 7/7
  3735 | D:4      | Reached skill level 5 in Fighting
  3756 | D:4      | Found a glowing golden altar of the Shining One.
  4165 | D:4      | Found an opulent altar of Gozag.
  4350 | D:4      | Found a transporter.
  4375 | D:5      | Entered Level 5 of the Dungeon
  4591 | D:5      | Reached skill level 5 in Long Blades
  4750 | D:5      | Noticed Edmund
  4839 | D:2      | Killed Sigmund
  4840 | D:2      | Reached XP level 8. HP: 39/57 MP: 8/8
  5114 | D:5      | Noticed Grinder
  5127 | D:5      | Killed Grinder
  5190 | D:5      | Killed Edmund
  5326 | D:5      | Found a shimmering altar of Xom.
  5572 | D:5      | Reached skill level 1 in Stealth
  5704 | D:5      | Found a burning altar of Makhleb.
  5831 | D:5      | Reached XP level 9. HP: 64/64 MP: 9/9
  6018 | D:5      | Found a staircase to the Ecumenical Temple.
  6027 | Temple   | Entered the Ecumenical Temple
  6358 | D:5      | Became a worshipper of Makhleb the Destroyer
  6391 | D:6      | Noticed Maggie
  6693 | D:6      | Killed Maggie
  7855 | D:6      | Noticed a two-headed ogre
  7876 | D:6      | Killed a two-headed ogre
  7877 | D:6      | Reached skill level 5 in Stealth
  7877 | D:6      | Reached XP level 10. HP: 54/74 MP: 10/10
  8478 | D:7      | Noticed Joseph
  8827 | D:7      | Found a sparkling altar of Nemelex Xobeh.
  8932 | D:7      | Reached * piety under Makhleb
  9267 | D:7      | Found Fyskanee's Specific Store.
  9268 | D:7      | Found Pybof's General Store.
  9598 | D:8      | Noticed an orange demon
  9779 | D:8      | Found a staircase to the Lair.
  9969 | D:8      | Noticed Amaemon
 10156 | D:8      | Found a snail-covered altar of Cheibriados.
 10268 | D:8      | Found a basalt altar of Yredelemnul.
 10268 | D:8      | Found an ancient bone altar of Kikubaaqudgha.
 10275 | D:8      | Found a sacrificial altar of Ru.
 10277 | D:8      | Found a bloodstained altar of Trog.
 10279 | D:8      | Found a shimmering blue altar of Sif Muna.
 10498 | D:9      | Reached skill level 10 in Fighting
 11057 | D:9      | Found a hazy altar of Hepliaklqana.
 11060 | D:9      | Found a broken altar of Ashenzari.
 11365 | D:9      | Paralysed by a hornet for 2 turns
 11959 | D:9      | Reached ** piety under Makhleb
 11960 | D:9      | Reached skill level 10 in Long Blades
 11973 | D:9      | Found a shadowy altar of Dithmenos.
 12341 | D:10     | Entered Level 10 of the Dungeon
 12832 | D:10     | Reached XP level 11. HP: 60/82 MP: 11/11
 12977 | D:10     | Noticed a wizard
 13129 | D:10     | Found a staircase to the Orcish Mines.
 13510 | D:10     | Noticed a +7 demon blade
 14243 | D:11     | Identified the +5 quarterstaff of the Dragonfly {speed,
                  | Will- Str+4 Int+2 Dex+3}
 14392 | D:11     | HP: 4/83 [centaur/arrow (8)]
 15056 | D:10     | Noticed Erica
 15170 | D:10     | Noticed Harold
 15292 | Lair:1   | Entered Level 1 of the Lair of Beasts
 15655 | Lair:1   | Slain by a yak

Illustrated notes

Levels and vault maps discovered:
D:1:      spicycebolla_arrival_transporter_tutorial, layout_rooms, serial_shops,
          shop_scrolls, serial_co_window_serial, co_window_corner_a,
          co_window_cross_1, co_window_corner_a, co_window_corner_a,
          co_window_paths_b, co_window_paths_b, co_window_cross_3,
          co_window_paths_c, co_window_2corner, co_window_corner_b,
          co_window_cross_4, co_window_paths_c, co_window_paths_d,
          co_window_paths_e
D:2:      layout_loops_cross, nicolae_ecumenical_snake_handling, serial_shops,
          shop_fountains, kennysheep_nub, uniq_sigmund
D:3:      layout_loops_cross, minmay_misc_feat_alley, uniq_robin
D:4:      layout_loops_ring, kennysheep_little_box,
          mainiacjoe_overflow_alcove_2, gammafunk_ghost_gnarly_gnolls,
          enter_ossuary_2, uniq_blork_the_orc
D:5:      layout_rooms, xom_teletrap_fun, makhleb_blood_cavern_becter,
          lemuel_temple_firewalk_a, grunt_ministairs_12, uniq_grinder,
          uniq_edmund
D:6:      layout_loops_corners, serial_glass, glass_columns_b, glass_columns_a,
          nrook_pool_corridor, kennysheep_cluttered_room,
          minmay_misc_feat_encased, corexii_corridor_pit,
          kb_lookout_dungeons_type, dk_rats_in_the_wall, uniq_maggie
D:7:      layout_basic, lemuel_round_altar, minmay_misc_feat_columns,
          nicolae_specific_store, uniq_joseph
D:8:      layout_gridville, chequers_temple_overflow_minitemple,
          chei_slow_surprise, dpeg_oklobed_lair, uniq_amaemon
D:9:      layout_irregular_city, nicolae_dithmenos_the_darkroom,
          mainiacjoe_overflow_catch_the_wave, nicolae_zen_rock_garden
D:10:     layout_loops_ring, lemuel_round_altar, fedhas_bush_and_centaur_altar,
          zombieorc1_lemuel, sword_in_stone
D:11:     layout_stronghold, serial_column_ruins, column_ruins_circle_small,
          column_ruins_columns_straight, column_ruins_columns_corner,
          column_ruins_grid_3, column_ruins_columns_straight,
          column_ruins_open_small
Temple:   nicolae_temple_superstar
Lair:1:   layout_cave_shapes, cheibrodos_lair_reptile_den

Skill      XL: |  1  2  3  4  5  6  7  8  9 10 11 |
---------------+----------------------------------+-----
Dodging        | 4 5 6 |  6.0
Long Blades    | 3 5 7 8 10 11 | 11.1
Fighting       | 4 6 7 9 10 11 | 11.3
Stealth        | 2 5 8 |  8.0
Shields        | |  3.0

Action                     |  1- 3 |  4- 6 |  7- 9 | 10-12 || total
---------------------------+-------+-------+-------+-------++-------
  Melee: Long sword        |    57 |   147 |   280 |   362 ||   846
         Constrict         |    12 |    51 |    59 |    52 ||   174
         Tentacles         |    12 |    35 |    73 |    98 ||   218
         Punch             |     1 |     2 |     6 |     3 ||    12
    Use: Scroll            |       |       |    17 |     3 ||    20
         Potion            |       |       |     1 |     1 ||     2
   Stab: Sleeping          |     4 |    12 |     6 |    11 ||    33
         Distracted        |       |       |     1 |     1 ||     2
 Armour: Skin              |     3 |     6 |    12 |    17 ||    38
  Dodge: Dodged            |    43 |    79 |   155 |   271 ||   548
  Block: Buckler           |    17 |    21 |    52 |    62 ||   152

Table legend: (Time is in decaauts)
 A = Elapsed time spent in this place.
 B = Non-inter-level travel time spent in this place.
 C = Inter-level travel time spent in this place.
 D = Time resting spent in this place.
 E = Time spent auto-exploring this place.
 F = Levels seen in this place.
 G = Mean time per level.
                   A        B        C        D        E       F      G
               +--------+--------+--------+--------+--------+-----+--------+
         Total |  15761 |  14342 |   1419 |   2288 |   9203 |  14 | 1125.8 |
       Dungeon |  15051 |  13737 |   1314 |   2288 |   8856 |  11 | 1368.3 |
        Temple |    194 |     89 |    105 |      0 |     80 |   1 |  194.0 |
          Lair |     64 |     64 |      0 |      0 |     13 |   1 |   64.0 |
       Ossuary |    451 |    451 |      0 |      0 |    254 |   1 |  451.0 |
               +--------+--------+--------+--------+--------+-----+--------+

Top non-repeatable levels by time:
     D:9: 2386 daAuts
     D:6: 2062 daAuts
    D:10: 1749 daAuts
     D:5: 1469 daAuts
     D:1: 1273 daAuts
     D:8: 1238 daAuts
     D:4: 1223 daAuts
     D:2: 1000 daAuts
     D:3: 996 daAuts
     D:7: 975 daAuts
    D:11: 674 daAuts
 Ossuary: 451 daAuts
  Temple: 194 daAuts
  Lair:1: 64 daAuts
